 Dungeon Crawl Stone Soup version 0.20.1-1-g8b1a95d (webtiles) character file.

6784 vatarom the Agent of Entropy (level 10, -5/80 HPs)
             Began as a Demonspawn Abyssal Knight on Sept 23, 2017.
             Was a Priest of Lugonu.
             Slain by a troll (15 damage)
             ... on level 11 of the Dungeon.
             The game lasted 00:21:36 (7983 turns).

vatarom the Agent of Entropy (DsAK)                 Turns: 7983, Time: 00:21:36

Health: -5/80      AC:  8    Str: 19    XL:     10   Next: 76%
Magic:  18/26      EV: 17    Int: 13    God:    Lugonu [***...]
Gold:   275        SH:  0    Dex: 15    Spells: 9/9 levels left

rFire    + + .     SeeInvis +   G - +4 battleaxe (elec)
rCold    . . .     Gourm    .   (shield currently unavailable)
rNeg     . . .     Faith    +   x - +1 leather armour of Geidea {*Slow rF+ MP+9 SInv} (curse)
rPois    .         Spirit   .   l - +0 helmet
rElec    .         Reflect  .   (no cloak)
rCorr    .         Harm     .   (no gloves)
MR       .....     Rnd*Tele +   (boots unavailable)
Stlth    +.........             d - amulet of faith
Regen    0.3/turn               w - +6 ring of evasion
MPRegen  0.2/turn               n - ring of teleportation (curse)

@: mighty
A: talons 3, molten scales 1, blurry vision 1, fire resistance 1, sense
surroundings 1, powered by death 1, powered by pain 2
a: Depart the Abyss, Bend Space, Banish, Renounce Religion


You were on level 11 of the Dungeon.
You worshipped Lugonu.
Lugonu was most pleased with you.
You were not hungry.

You visited 2 branches of the dungeon, and saw 12 of its levels.
You visited the Abyss 1 time.

You collected 457 gold pieces.
You spent 182 gold pieces at shops.

Inventory:

Hand Weapons
 G - a +4 battleaxe of electrocution (weapon)
Armour
 i - a +2 ring mail of poison resistance
 l - a +0 helmet (worn)
 x - the cursed +1 leather armour of Geidea (worn) {*Slow rF+ MP+9 SInv}
   (You bought it in a shop on level 8 of the Dungeon)

   It protects you from fire.
   It affects your magic capacity (+9).
   It lets you see invisible.
   It may slow you when you take damage.
   It has a curse placed upon it.
Jewellery
 d - an amulet of faith (around neck)
 h - an uncursed ring of ice
 n - a cursed ring of teleportation (right hand)
 u - an uncursed ring of protection from magic
 w - a +6 ring of evasion (left hand)
Wands
 r - a wand of digging (16/24)
 B - a wand of iceblast (10/15)
 C - a wand of random effects (31/48)
 F - a wand of confusion (31/48)
Scrolls
 m - a scroll of fear
 t - a scroll of blinking
 v - a scroll of remove curse
 z - a scroll of teleportation
 A - 2 scrolls of enchant armour
Potions
 a - a potion of haste
 b - 4 potions of curing
 e - a potion of agility
 f - 3 potions of heal wounds
 q - a potion of might
Books
 y - the Compendium of Dark Flight
   (You found it on level 8 of the Dungeon)

   Spells                             Type                      Level
   a - Swiftness                      Charms/Air                   2
   b - Control Undead                 Necromancy                   4
   c - Bolt of Draining               Conjuration/Necromancy       5
   d - Tornado                        Air                          9
Comestibles
 c - 5 bread rations
 g - 4 royal jellies
 j - a chunk of flesh
 k - 8 meat rations
 p - 3 fruits


   Skills:
 + Level 8.1 Fighting
 * Level 9.5 Axes
 + Level 6.1 Armour
 - Level 0.8 Dodging
   Level 4.0 Shields
 + Level 9.7 Invocations


You had 9 spell levels left.
You didn't know any spells.

Dungeon Overview and Level Annotations

Branches:
Dungeon (11/15)            Temple (1/1) D:6
   Lair: D:8-11         Orc: D:9-12

Altars:
Ashenzari
Cheibriados
Dithmenos
Elyvilon
Fedhas
Gozag
Hepliaklqana
Kikubaaqudgha
Makhleb
Nemelex Xobeh
Okawaru
Qazlal
Ru
Sif Muna
Trog
Uskayaw
Vehumet
Xom
Yredelemnul
Zin
The Shining One

Shops:
D:8 [

Annotations:
Abyss:1 Dowan, Duvessa, Fannar, Pikel


Innate Abilities, Weirdness & Mutations

You have claws for feet.
You are partially covered in molten scales. (AC +2)
You regenerate a little health from kills.
You sometimes gain power by taking damage.
Scrolls take you a little longer to read.
Your flesh is heat resistant. (rF+)
You passively map a small area around you.


Message History

The centaur hits you but does no damage.
Found an amulet of faith.
You see here an iguana corpse.
You slice the centaur!! Lightning courses through the centaur!
You kill the centaur!
Lugonu accepts your kill.
You feel your intelligence returning.
Unknown command.
You hit the iguana. You claw the iguana!
You kill the iguana!
Lugonu accepts your kill. The troll bites you! The troll claws you! x2
* * * LOW HITPOINT WARNING * * *
You are too injured to fight recklessly!
You are too injured to fight recklessly!
You completely miss the troll. The troll bites you but does no damage.
The troll misses you. The troll claws you!
* * * LOW HITPOINT WARNING * * *
The troll bites you!
You die...

#. #§.# , #.* #..#
## ##.#*#####..##.#
..#...##.........#
, , ,
".#..#....#######.#
, , ....[##.# #
..#..##.# * #.)†(.#
*, #..#@%# *
.....#T...# *
,.......#..#.#
#####.....#... ,
##....# .#.# ,
#.##..,,# . * * #.
.# .. .# , * , * *
* ,


You could see a troll.

Vanquished Creatures
  Erolcha (D:9)
  A hippogriff (D:10)
  A yak (D:11)
  A vampire (D:11)
  Eustachio (D:6)
  A water moccasin (D:11)
  3 porcupines (D:11)
  2 phantoms
  An eye of draining (D:11)
  3 ogres
  6 centaurs
  A crocodile (D:11)
  7 bullfrogs
  A scorpion (D:11)
  A wyvern skeleton (D:9)
  A water moccasin skeleton (D:11)
  3 wights (D:10)
  A howler monkey (D:4)
  2 crimson imps (D:5)
  4 hounds
  5 orc priests
  3 iguanas
  2 jellies (D:5)
  11 orc wizards
  2 worker ants
  A hound skeleton (D:9)
  A howler monkey skeleton (D:7)
  9 adders
  An ooze (D:7)
  A worm (D:3)
  2 dart slugs (D:1)
  26 orcs
  2 giant cockroaches
  8 goblins
  7 hobgoblins
  12 jackals
  7 kobolds
  A quokka (D:4)
  5 ball pythons
  9 bats
  6 frilled lizards
  A jackal zombie (D:5)
  A leopard gecko zombie (D:5)
  3 rats (D:1)
  A spectral orc (D:7)
  A fungus (D:11)
170 creatures vanquished.

Vanquished Creatures (others)
  A two-headed ogre (D:9)
  The ghost of Somber the Basher, a novice DrBe of Trog (D:7)
  2 manticores
  A troll (D:8)
  A hippogriff (D:8)
  2 orc warriors
  An ice beast (D:5)
  3 ogres
  A goblin (D:4)
  5 fungi (D:11)
18 creatures vanquished.

Grand Total: 188 creatures vanquished

Notes
Turn   | Place    | Note
-------+----------+-------------------------------------------
     0 | Abyss:1  | vatarom the Demonspawn Abyssal Knight began the quest for the Orb.
     0 | Abyss:1  | Reached XP level 1. HP: 18/18 MP: 2/2
    11 | D:1      | Escaped the Abyss
   145 | D:1      | Gained mutation: You have sharp toenails. [demonic ancestry]
   145 | D:1      | Reached XP level 2. HP: 23/24 MP: 3/3
   155 | D:1      | Reached ** piety under Lugonu
   741 | D:1      | Gained mutation: You regenerate a little health from kills. [demonic ancestry]
   741 | D:1      | Reached XP level 3. HP: 28/29 MP: 5/5
   886 | D:2      | Gained mutation: You are frail. (-10% HP) [potion of mutation]
   886 | D:2      | Gained mutation: You are very frail. (-20% HP) [potion of mutation]
   886 | D:2      | Gained mutation: You are resistant to hostile enchantments. (MR+) [potion of mutation]
  1172 | D:2      | Gained mutation: You sometimes gain a little power by taking damage. [demonic ancestry]
  1172 | D:2      | Reached XP level 4. HP: 27/29 MP: 6/6
  1399 | D:2      | Reached skill level 1 in Shields
  1633 | D:3      | Reached *** piety under Lugonu
  1676 | D:3      | Found a faded altar of an unknown god.
  1687 | D:3      | Lost mutation: You are resistant to hostile enchantments. (MR+) [potion of mutation]
  1687 | D:3      | Lost mutation: You are very frail. (-20% HP) [potion of mutation]
  1687 | D:3      | Lost mutation: You are frail. (-10% HP) [potion of mutation]
  1687 | D:3      | Gained mutation: Scrolls take you a little longer to read. [potion of mutation]
  1687 | D:3      | Gained mutation: Your flesh is heat resistant. (rF+) [potion of mutation]
  1687 | D:3      | Gained mutation: You passively map a small area around you. [potion of mutation]
  1890 | D:4      | Noticed an ogre
  1891 | D:4      | Banished an ogre
  1891 | D:4      | Gained mutation: You are partially covered in molten scales. (AC +2) [demonic ancestry]
  1891 | D:4      | Reached XP level 5. HP: 42/42 MP: 7/7
  1972 | D:4      | Noticed an ogre
  1975 | D:4      | Banished an ogre
  2121 | D:4      | Found a sacrificial altar of Ru.
  2121 | D:4      | Noticed Pikel
  2121 | D:4      | Noticed a slave
  2122 | D:4      | Noticed a slave
  2122 | D:4      | Noticed a slave
  2123 | D:4      | Noticed a slave
  2126 | D:4      | Banished Pikel
  2126 | D:4      | Gained mutation: You sometimes gain power by taking damage. [demonic ancestry]
  2126 | D:4      | Reached XP level 6. HP: 48/48 MP: 7/9
  2282 | D:4      | Gained mutation: You have razor-sharp toenails. [demonic ancestry]
  2282 | D:4      | Reached XP level 7. HP: 53/53 MP: 10/10
  2380 | D:4      | Found a hide-covered altar of Uskayaw.
  2395 | D:4      | Reached skill level 5 in Invocations
  2638 | D:5      | Entered Level 5 of the Dungeon
  3065 | D:5      | Reached **** piety under Lugonu
  3208 | D:5      | Gained mutation: You have claws for feet. [demonic ancestry]
  3208 | D:5      | Reached XP level 8. HP: 61/61 MP: 12/12
  3253 | D:6      | Found a burning altar of Makhleb.
  3370 | D:6      | Noticed Duvessa
  3370 | D:6      | Noticed Dowan
  3377 | D:6      | Banished Duvessa
  3377 | D:6      | Reached skill level 5 in Axes
  3379 | D:6      | Banished Dowan
  3391 | D:6      | Reached skill level 5 in Fighting
  3650 | D:6      | Noticed Eustachio
  3673 | D:6      | Killed Eustachio
  3932 | D:6      | Got a fine hand crossbow
  3976 | D:6      | Found a glowing silver altar of Zin.
  3977 | D:6      | Found an opulent altar of Gozag.
  4172 | D:6      | Found a staircase to the Ecumenical Temple.
  4300 | Temple   | Entered the Ecumenical Temple
  4814 | D:7      | Reached XP level 9. HP: 43/69 MP: 14/14
  4888 | D:7      | Found a glowing golden altar of the Shining One.
  4987 | D:7      | Found a basalt altar of Yredelemnul.
  5097 | D:7      | Noticed a manticore
  5099 | D:7      | Banished a manticore
  5295 | D:7      | Identified the +8 hand crossbow of Chance {speed, Str+4} (You found it on level 6 of the Dungeon)
  5339 | D:7      | Noticed Somber's ghost (novice DrBe)
  5342 | D:7      | Banished Somber's ghost
  5983 | D:8      | Found Haheteo's Antique Armour Shop.
  6250 | D:8      | Bought a smoking leather armour for 182 gold pieces
  6260 | D:8      | Identified the cursed +1 leather armour of Geidea {*Slow rF+ MP+9 SInv} (You bought it in a shop on level 8 of the Dungeon)
  6288 | D:8      | Noticed a troll
  6296 | D:8      | Banished a troll
  6327 | D:8      | Identified the Compendium of Dark Flight
  6463 | D:8      | Reached skill level 5 in Armour
  6719 | D:9      | Found a bloodstained altar of Trog.
  6841 | D:9      | Noticed Erolcha
  6842 | D:9      | Noticed a two-headed ogre
  6843 | D:9      | Banished a two-headed ogre
  6866 | D:9      | Killed Erolcha
  6866 | D:9      | Reached XP level 10. HP: 54/79 MP: 16/16
  7115 | D:9      | Found a shattered altar of Ashenzari.
  7366 | D:10     | Entered Level 10 of the Dungeon
  7587 | D:10     | Found a sparkling altar of Nemelex Xobeh.
  7705 | D:10     | Identified 3 scrolls of acquirement
  7716 | D:10     | Got a polished buckler
  7720 | D:10     | Identified the +1 buckler of Circular Logic {rPois MP+9 Str+4 Slay+3} (You acquired it on level 10 of the Dungeon)
  7820 | D:11     | Noticed a manticore
  7823 | D:11     | Banished a manticore
  7966 | D:11     | Noticed Fannar
  7968 | D:11     | Banished Fannar
  7983 | D:11     | Slain by a troll

Skill      XL: |  1  2  3  4  5  6  7  8  9 10 |
---------------+-------------------------------+-----
Armour         | 2 3 4 5 6 |  6.1
Axes           | 2 3 4 6 8 9 |  9.5
Invocations    | 3 4 6 7 8 9 |  9.7
Shields        | 2 3 4 |  4.0
Fighting       | 4 5 7 8 |  8.1
Dodging        | |  0.8

Action                   |  1- 3 |  4- 6 |  7- 9 | 10-12 || total
-------------------------+-------+-------+-------+-------++-------
Melee: Hand axe          |    88 |    78 |   333 |       ||   499
       Kick              |    11 |    21 |   116 |    37 ||   185
       War axe           |       |       |    61 |    66 ||   127
       Battleaxe         |       |       |       |    40 ||    40
Invok: Banish            |       |     3 |    14 |     5 ||    22
  Use: Scroll            |     2 |     3 |     8 |     7 ||    20
       Potion            |     3 |     5 |     3 |     4 ||    15
 Stab: Paralysed         |       |     1 |       |       ||     1
  Eat: Chunk             |     1 |     4 |    14 |     2 ||    21
       Bread ration      |       |       |     1 |     1 ||     2
Armor: Leather armour    |    43 |       |     5 |    22 ||    70
       Ring mail         |    19 |    39 |   126 |       ||   184
Dodge: Dodged            |    68 |    41 |   219 |   107 ||   435
Block: Buckler           |       |       |    68 |    15 ||    83
